 Dungeon Crawl Stone Soup version 0.27-a0-1502-g47ed6a6988 (webtiles) character file.

Game seed: 9271862024100812456

70 lunkers the Insei (level 4, -3/33 HPs)
             Began as a Djinni Warper on July 8, 2021.
             Frozen to death by an endoplasm (7 damage)
             ... on level 3 of the Dungeon.
             The game lasted 00:02:22 (2949 turns).

lunkers the Insei (Djinni Warper)                   Turns: 2949, Time: 00:02:22

Health: -3/33      AC:  5    Str: 11    XL:     4   Next: 44%
Gold:   68         EV: 10    Int: 14    God:
                   SH:  0    Dex: 13

rFire    + + .     SeeInvis .     - Unarmed
rCold    x . .     Faith    .   (no shield)
rNeg     . . .     Spirit   .   k - +0 ring mail
rPois    ∞         Reflect  .   (no helmet)
rElec    .         Harm     .   (no cloak)
rCorr    .         Rampage  .   (no gloves)
Will     .....                  (boots unavailable)
Stlth    +.........             (no amulet)
HPRegen  0.11/turn              (no ring)
MPRegen  0.00/turn              (no ring)

@: flying, very slightly contaminated
A: sickness immunity, fire resistance 2, cold vulnerability 1, float, innate
caster, hp casting, extra vitality 1
a: no special abilities


You were on level 3 of the Dungeon.
You visited 1 branch of the dungeon, and saw 3 of its levels.

You collected 68 gold pieces.

Inventory:

Missiles
 c - 5 boomerangs of dispersal
 d - 7 curare-tipped darts
 f - 12 poisoned darts (quivered)
Armour
 a - a +0 leather armour
 k - a +0 ring mail (worn)
Wands
 g - a wand of flame (18)
Scrolls
 b - a scroll of blinking
 i - a scroll of immolation {unknown}
 j - a scroll of acquirement {unknown}
 m - a scroll of teleportation {unknown}
 n - a scroll of torment {unknown}
Potions
 e - 3 potions of curing {unknown}
 h - a potion of might {unknown}
 l - a potion of attraction {unknown}


   Skills:
 - Level 2.0 Fighting
 - Level 0.7 Throwing
 - Level 1.0 Armour
 - Level 2.1 Dodging
 * Level 3.7 Unarmed Combat
 + Level 2.9 Spellcasting


You couldn't memorise any spells.
You knew the following spells:

 Your Spells              Type           Power      Damage    Failure   Level
a - Sting                 Tmut/Pois      40%        1d5       16%         1
b - Lesser Beckoning      Tloc           5%         N/A       41%         3
c - Gell's Gravitas       Tloc           5%         N/A       41%         3
d - Teleport Other        Tloc           10%        N/A       41%         3
e - Manifold Assault      Tloc           10%        N/A       99%         5
p - Blink                 Tloc           N/A        N/A       22%         2
Your spell library was empty.

Dungeon Overview and Level Annotations

Branches:
Dungeon (3/15)

Altars:


Innate Abilities, Weirdness & Mutations

You are immune to sickness and miasma.
You are immune to poison.
Your flesh is very heat resistant. (rF++)
You are vulnerable to cold. (rC-)
You float through the air rather than walking.
You learn spells naturally, not from books.
Your magical power is your life essence.
You have superior vitality. (+4 HP)


Message History

Aiming: Sting (safe; 16% risk of failure)
Press: ? - help, Shift-Dir - straight line, f/p - endoplasm
Aim: an endoplasm (98% to hit)
The sting hits the endoplasm.
The endoplasm partially resists.
The endoplasm is moderately wounded.
* * * LOW HITPOINT WARNING * * *
The endoplasm closely misses you.
Casting: Sting (safe; 16% risk of failure)
Confirm with . or Enter, or press ? or * to list all spells.
Aiming: Sting (safe; 16% risk of failure)
Press: ? - help, Shift-Dir - straight line, f/p - endoplasm
Aim: an endoplasm (moderately wounded, 98% to hit)
You miscast Sting.
Nothing appears to happen.
* * * LOW HITPOINT WARNING * * *
The endoplasm freezes you.
You are frozen.
You feel a terrible chill!
* * * LOW HITPOINT WARNING * * *
Casting: Sting (safe; 16% risk of failure)
Confirm with . or Enter, or press ? or * to list all spells.
Aiming: Sting (safe; 16% risk of failure)
Press: ? - help, Shift-Dir - straight line, f/p - endoplasm
Aim: an endoplasm (moderately wounded, 98% to hit)
The sting hits the endoplasm.
The endoplasm partially resists.
The endoplasm is heavily wounded.
* * * LOW HITPOINT WARNING * * *
The endoplasm freezes you.
You are frozen.
You feel a terrible chill!
* * * LOW HITPOINT WARNING * * *
Casting: Sting (safe; 16% risk of failure)
Confirm with . or Enter, or press ? or * to list all spells.
Aiming: Sting (safe; 16% risk of failure)
Press: ? - help, Shift-Dir - straight line, f/p - endoplasm
Aim: an endoplasm (heavily wounded, 98% to hit)
The sting hits the endoplasm.
The endoplasm partially resists.
The endoplasm is poisoned.
The endoplasm is severely wounded.
* * * LOW HITPOINT WARNING * * *
The endoplasm freezes you.
You are frozen!
You feel a terrible chill!
You die...

..........#.#...##.
..#.......†.........
. #####..#.#........
#..#.#÷.....##
#..#.#......##
#####..#.#........
.........#....#.##
.......###....#.#
......J@.<..?.....
.##......†....#.##
#.##.##.....#.# # #.
#.#..## # ..
........ #..
#.#..##. #.. ......
$ ... ... .## .. .#


You could see an endoplasm (poisoned).

Vanquished Creatures
  3 adders (D:3)
  3 dart slugs (D:1)
  5 endoplasms
  3 giant cockroaches (D:1)
  A goblin (D:1)
  2 hobgoblins (D:1)
  5 jackals
  2 kobolds
  A quokka (D:2)
  3 ball pythons
  2 bats
  A frilled lizard (D:1)
  3 rats
34 creatures vanquished.

Notes
Turn   | Place    | Note
-------+----------+-------------------------------------------
     0 | D:1      | lunkers the Djinni Warper began the quest for the Orb.
     0 | D:1      | Reached XP level 1. HP: 18/18 MP: 0/0
   182 | D:1      | Reached XP level 2. HP: 16/23 MP: 0/0
   464 | D:1      | You are sucked into a shaft and drop 1 floor!
   470 | D:2      | Found a faded altar of an unknown god.
   949 | D:1      | Reached XP level 3. HP: 18/28 MP: 0/0
   949 | D:1      | Learned a level 1 spell: Sting
   956 | D:1      | Reached skill level 3 in Unarmed Combat
  2739 | D:3      | Reached XP level 4. HP: 19/33 MP: 0/0
  2949 | D:3      | Frozen to death by an endoplasm

Illustrated notes

Levels and vault maps discovered:
D:1:      tarquinn_simple_flora_water_e, layout_basic, minmay_pentomino_o2
D:2:      layout_basic, shapermc_ecumenical_altar_pompeii
D:3:      layout_basic, kennysheep_generic_room_15, uniq_grinder

Skill      XL: |  1  2  3 |
---------------+----------+-----
Unarmed Combat | 3 |  3.7
Fighting       | |  2.0
Throwing       | |  0.7
Armour         | |  1.0
Dodging        | |  2.1
Spellcasting   | |  2.9

Action                   |  1- 3 |  4- 6 || total
-------------------------+-------+-------++-------
Melee: Unarmed           |    71 |     4 ||    75
Throw: Dart              |    15 |       ||    15
 Cast: Sting             |    34 |    16 ||    50
Armor: Leather armour    |    17 |       ||    17
       Ring mail         |     4 |     5 ||     9
Dodge: Dodged            |    46 |     7 ||    53

Table legend: (Time is in decaauts)
 A = Elapsed time spent in this place.
 B = Non-inter-level travel time spent in this place.
 C = Inter-level travel time spent in this place.
 D = Time resting spent in this place.
 E = Time spent auto-exploring this place.
 F = Levels seen in this place.
 G = Mean time per level.
                   A        B        C        D        E       F      G
               +--------+--------+--------+--------+--------+-----+--------+
         Total |   2946 |   2868 |     78 |    262 |   2319 |   3 |  982.0 |
       Dungeon |   2946 |   2868 |     78 |    262 |   2319 |   3 |  982.0 |
               +--------+--------+--------+--------+--------+-----+--------+

Top non-repeatable levels by time:
     D:1: 2068 daAuts
     D:2: 723 daAuts
     D:3: 154 daAuts
